 Dungeon Crawl Stone Soup version 0.21.1-1-g345015f (webtiles) character file.

118 vatarom the Caller (level 4, 0/25 HPs)
             Began as a Deep Elf Summoner on Mar 30, 2018.
             Succumbed to a goblin's poison
             ... on level 3 of the Dungeon.
             The game lasted 00:10:01 (3135 turns).

vatarom the Caller (Deep Elf Summoner)              Turns: 3135, Time: 00:10:01

Health: 0/25       AC:  3    Str:  6    XL:     4   Next: 72%
Magic:  1/12       EV: 13    Int: 20    God:
Gold:   109        SH:  0    Dex: 15    Spells: 2/11 levels left

rFire    . . .     SeeInvis .   g - +1 hand axe
rCold    . . .     Gourm    .   (no shield)
rNeg     . . .     Faith    .   a - +0 robe
rPois    .         Spirit   .   (no helmet)
rElec    .         Reflect  .   (no cloak)
rCorr    .         Harm     .   (no gloves)
MR       .....                  d - +0 pair of boots
Stlth    ++........             (no amulet)
HPRegen  0.08/turn              (no ring)
MPRegen  0.13/turn              (no ring)

@: lethally poisoned (0 -> -9), very slightly contaminated
A: no striking features
a: no special abilities


You were on level 3 of the Dungeon.
You were not hungry.

You visited 1 branch of the dungeon, and saw 3 of its levels.

You collected 109 gold pieces.

Inventory:

Hand Weapons
 g - a +1 hand axe (weapon)
Armour
 a - a +0 robe (worn)
 d - a +0 pair of boots (worn)
Scrolls
 h - a scroll of enchant weapon
 k - 5 scrolls of remove curse
 l - a scroll of teleportation
Potions
 e - a potion of brilliance
 i - 4 potions of flight
Books
 b - a book of Callings

   Spells                             Type                      Level
   a - Summon Small Mammal            Summoning                    1
   b - Call Imp                       Summoning                    2
   c - Call Canine Familiar           Summoning                    3
   d - Summon Guardian Golem          Hexes/Summoning              3
   e - Summon Lightning Spire         Summoning/Air                4
   f - Summon Ice Beast               Ice/Summoning                4
Comestibles
 c - 7 rations


   Skills:
 + Level 1.5 Fighting
 - Level 2.4 Dodging
 - Level 2.4 Stealth
 + Level 4.1 Spellcasting
 * Level 5.7 Summonings


You had 2 spell levels left.
You knew the following spells:

 Your Spells              Type           Power        Failure   Level  Hunger
a - Summon Small Mammal   Summ           ####         1%          1    None
b - Call Imp              Summ           ####....     1%          2    #......
c - Call Canine Familiar  Summ           ####....     3%          3    ###....
d - Summon Guardian Gole  Hex/Summ       ###.....     12%         3    ###....


Dungeon Overview and Level Annotations

Branches:
Dungeon (3/15)

Altars:

Annotations:
D:3 Grinder, Robin


Message History

Your hound bites the hobgoblin.
Your shadow imp closely misses the goblin.
The hobgoblin barely misses your hound.
Your crimson imp hits the goblin.
The goblin dies!
Something closely misses your hound.
Robin roars a battlecry!
The goblins go into a battle-frenzy!
The goblin hits you with a dagger of venom.
* * * LOW HITPOINT WARNING * * *
Unknown command.
Okay, then.
You aren't carrying any items that you can evoke.
Blink to where?
Press: ? - help, Dir - move target cursor You are very lightly contaminated with residual magic.
As you read the scroll of blinking, it crumbles to dust.
Your shadow imp hits the goblin.
The goblin dies!
The hobgoblin hits your hound but does no damage.
You die...

#.################.# ### #.#
##.#.# #.. #+## ###
########.#.5#####.. +..g
#.................. #...
#.######...######§. #.gg #### #.#
##.## #.# #..S #..# #.# #.# #.#
g.. #..######.#######.### #.#
###'####'#h5)§..@.........# #5#
........gSg###58#######.#.#####.#
.........).# #..# #..855h.5..
..........####..##### #.#.#####..
###+####'###............#.# #..
#..#................# #..
#..###.#..######..... ...
#####.....# #.##.# #.. #......##
##.##.#####..


You could see an adder, a hobgoblin, a friendly guardian golem, a friendly
hound, a friendly crimson imp (wandering) and a friendly shadow imp.

Vanquished Creatures
  An ooze (D:3)
  A dart slug (D:2)
  3 orcs (D:3)
  2 bats
  A giant cockroach (D:2)
  2 goblins (D:3)
  2 hobgoblins
  3 jackals
  A ball python (D:3)
  A frilled lizard (D:2)
  A kobold (D:3)
  4 rats
22 creatures vanquished.

Vanquished Creatures (collateral kills)
  An orc priest (D:3)
  Terence (D:3)
  3 adders
  An ooze (D:3)
  2 worms
  A leopard gecko (D:1)
  5 orcs (D:3)
  A ball python (D:1)
  9 bats
  5 giant cockroaches
  10 goblins
  8 hobgoblins
  A jackal (D:3)
  2 kobolds
  A quokka (D:2)
  3 frilled lizards
  4 rats
58 creatures vanquished.

Grand Total: 80 creatures vanquished

Notes
Turn   | Place    | Note
-------+----------+-------------------------------------------
     0 | D:1      | vatarom the Deep Elf Summoner began the quest for the Orb.
     0 | D:1      | Reached XP level 1. HP: 10/10 MP: 6/6
   322 | D:1      | Reached XP level 2. HP: 9/16 MP: 5/8
   326 | D:1      | Learned a level 2 spell: Call Imp
  1153 | D:2      | Reached skill level 5 in Summonings
  1222 | D:2      | Reached XP level 3. HP: 20/20 MP: 10/10
  1227 | D:2      | Learned a level 3 spell: Call Canine Familiar
  1671 | D:3      | Reached skill level 1 in Fighting
  1681 | D:3      | Noticed Grinder
  1684 | D:3      | Paralysed by Grinder for 4 turns
  2016 | D:3      | Noticed Terence
  2032 | D:3      | Killed Terence
  2140 | D:3      | Reached XP level 4. HP: 25/25 MP: 9/11
  2165 | D:3      | Learned a level 3 spell: Summon Guardian Golem
  3111 | D:3      | Noticed Robin
  3133 | D:3      | HP: 1/25 [goblin/dagger of venom[Robin] (2)]
  3135 | D:3      | Succumbed to a goblin's poison

Skill      XL: |  1  2  3  4 |
---------------+-------------+-----
Summonings     | 5 |  5.7
Fighting       | 1 |  1.5
Spellcasting   | 4 |  4.1
Dodging        | |  2.4
Stealth        | |  2.4

Action                   |  1- 3 |  4- 6 || total
-------------------------+-------+-------++-------
Melee: Hand axe          |    55 |    33 ||    88
       Unarmed           |     3 |       ||     3
 Cast: Summon Small Mamm |    26 |     3 ||    29
       Call Imp          |    22 |    11 ||    33
       Call Canine Famil |     7 |     7 ||    14
       Summon Guardian G |       |     2 ||     2
  Use: Scroll            |     4 |     4 ||     8
       Potion            |     3 |       ||     3
 Stab: Sleeping          |     3 |     1 ||     4
       Distracted        |     1 |       ||     1
  Eat: Chunk             |     2 |     1 ||     3
       Ration            |     1 |     1 ||     2
Armor: Robe              |    23 |    13 ||    36
Dodge: Dodged            |    82 |    45 ||   127
